Unix NetHack Version 5.0.0-0 post-release - last build Jun 10 2026 00:39:30 (3ee93aec679c4c4259841fe613dc97188e26a321,branch:main).

Game began 2026-06-28 13:06:00, ended 2026-06-28 13:18:19.

ARFwashere, chaotic male elven Wizard

           ---                                          --------
        ----.--------                             -------.--.|.--
       --.......--..---                          --.--....^.....|
       |....^|........---- ----        -----    --..............|
       |.....---.........---..----------.|.------......     ....|
       |.---....---.--.|...........................         ..@.|
       |.| ----.| ---|.|-----..----------....----..         .)---
      --.|    |)----.|.|    ----        ----0|              ...
      |..|   --.[.|*).                                     G
 -----|.--  --.-.)....
 |.--.|.--- |.......<.                                   G
 --...>...--|..|..|...
  |........|---|..|
  ---.....-|   --.------
   ---.|...|    |......--
   |*.---.--    --......|
   |..-----      ---...-|
   ---...|         --...|
     --..|          |..--
      ----          ----

ARFwashere the Conjurer   St:11 Dx:16 Co:12 In:20 Wi:10 Ch:8  Chaotic
Dlvl:3  $:975 HP:0(24) Pw:41(41) AC:9  Xp:4 T:1689 

Latest messages:
 This lichen corpse tastes okay.
 You finish eating the lichen corpse.
 You see here a thonged club.
 You see here a thonged club.
 You fall into a pit!
 You are still in a pit.
 You crawl to the edge of the pit.
 You see here 10 rocks.
 You try to move the boulder, but in vain.
 A board beneath you squeaks a C note loudly.
 The hobbit throws an elven dagger!
 You are hit by an elven dagger!
 You see here an elven dagger.
 F - an elven dagger.
 What do you want to throw? [$BEF or ?*] F
 In what direction? b
 The elven dagger hits the hobbit.
 The hobbit hits!
 You kill the hobbit!
 F - an elven dagger.
 There is a hobbit corpse here; eat it? [ynq] (n) y
 Blecch!  Rotten food!
 The world spins and goes dark.
 You are conscious again.
 G - a food ration.
 There is a partly eaten hobbit corpse here; eat it? [ynq] (n) y
 You resume your meal.
 The gnome throws a dagger!
 You are hit by a dagger!
 You finish eating the hobbit corpse.
 What do you want to ready? [- $BEF or ?*] ?
 B - 4 daggers (at the ready).
 In what direction? b
 The dagger misses the gnome.
 The gnome throws a dagger!
 You are hit by a dagger!
 In what direction? .
 You cannot throw an object at yourself.
 In what direction? b
 The dagger hits the gnome.
 In what direction? b
 The dagger misses the gnome.
 The gnome throws a dagger!
 You are hit by a dagger!
 You die...
 Do you want your possessions identified? [ynq] (y) y
 Do you want to see your attributes? [ynq] (y) n
 Do you want an account of creatures vanquished? [ynaq] (y) n
 Do you want to see your conduct and achievements? [ynq] (y) n
 Do you want to see the dungeon overview? [ynq] (y) n

Inventory:
 Coins    ('$')
  $ - 975 gold pieces
 Amulets  ('"')
  r - an uncursed amulet of flying
 Weapons  (')')
  E - a +1 dagger
  B - a +0 dagger (at the ready)
  F - a blessed +2 elven dagger
  a - a blessed +1 quarterstaff (weapon in hands)
 Armor    ('[')
  b - an uncursed +0 cloak of magic resistance (being worn)
 Comestibles  ('%')
  u - an uncursed candy bar labeled "Moon Crunchy"
  G - an uncursed food ration
  v - 2 uncursed lembas wafers
  p - an uncursed tripe ration
 Scrolls  ('?')
  C - an uncursed scroll of blank paper
  j - an uncursed scroll of enchant weapon
  i - an uncursed scroll of remove curse
 Spellbooks  ('+')
  m - an uncursed spellbook of detect monsters
  l - a blessed spellbook of force bolt
 Potions  ('!')
  D - an uncursed potion of acid
  q - an uncursed potion of healing
  g - an uncursed potion of monster detection
  f - a blessed potion of paralysis
  h - an uncursed potion of sickness
 Rings    ('=')
  e - an uncursed ring of fire resistance
  s - an uncursed ring of protection from shape changers
  d - an uncursed ring of searching
 Wands    ('/')
  t - a wand of lightning (0:5)
  c - a wand of probing (0:7)
 Tools    ('(')
  o - an uncursed bugle
  w - an uncursed leash
  k - an uncursed lock pick
  n - a magic marker (0:22)
 Gems/Stones  ('*')
  y - a cursed worthless piece of blue glass

ARFwashere the Wizard's attributes:

Background:
 You were a Conjurer, a level 4 male elven Wizard.
 You were chaotic, nominally on a mission for Anhur
 who was opposed by Ptah (lawful) and Thoth (neutral).
 You were right-handed.
 You were in the Gnomish Mines, on level 3.
 You entered the dungeon 1689 turns ago.
 You had 115 experience points, 45 more were needed to attain level 5.

Basics:
 You had 0 out of 24 hit points.
 You had all 41 energy points (spell power).
 Your armor class was 9.
 Your wallet contained 975 zorkmids.
 Autopickup was on for '$' plus thrown.

Final Characteristics:
 Your strength was 11 (limit:18).
 Your dexterity was 16 (limit:18).
 Your constitution was 12 (limit:16).
 Your intelligence was 20 (limit:20).
 Your wisdom was 10 (limit:20).
 Your charisma was 8 (limit:18).

Final Status:
 You weren't hungry.
 You were unencumbered.
 You were wielding a quarterstaff.
 You had basic skill with quarterstaff.

Final Attributes:
 You were devoutly aligned.
 You were magic-protected.
 You were sleep resistant.
 You had infravision.
 You were warded.
 You are dead.

Miscellaneous:
 You didn't encounter any bones levels.
 Total elapsed playing time was 12 minutes and 19 seconds.

Major events:
 Turn
    1: ARFwashere the chaotic male elven Wizard entered the dungeon
 1304: attained the rank of Conjurer (level 3)
 1316: entered the Gnomish Mines
 1689: killed by a dagger

Spells:
 Name                 Level Category     Fail Retention
 force bolt             1   attack         0%  91%-100%
 detect monsters        1   divination     0%  76%-100%

Skills:
 Fighting Skills
   bare handed combat [Unskilled]
   riding             [Unskilled]
 Weapon Skills
   dagger             [Unskilled]
   knife              [Unskilled]
   axe                [Unskilled]
   short sword        [Unskilled]
   club               [Unskilled]
   mace               [Unskilled]
   quarterstaff       [Basic]
   polearms           [Unskilled]
   spear              [Unskilled]
   trident            [Unskilled]
   sling              [Unskilled]
   dart               [Unskilled]
   shuriken           [Unskilled]
 Spellcasting Skills
   attack spells      [Basic]
   healing spells     [Unskilled]
   divination spells  [Unskilled]
   enchantment spells [Basic]
   clerical spells    [Unskilled]
   escape spells      [Unskilled]
   matter spells      [Unskilled]

Voluntary challenges:
 Character rerolling was not enabled.
 You were an atheist.
 You never genocided any monsters.
 You never polymorphed an object.
 You never changed form.
 You used no wishes.
Achievements:
 You attained the rank of Conjurer.
 You entered the Gnomish Mines.

 The Dungeons of Doom: levels 1 to 4
    Level 1:
    Level 2:
       Some fountains.
       Stairs down to The Gnomish Mines.
    Level 3:
       Many fountains, a grave.
    Level 4:
       A fountain.
 The Gnomish Mines:
    Level 3: <- You were here.
       Final resting place for
          you, killed by a dagger.


Vanquished creatures:
  a gnome leader
  a kitten
  a dwarf
  3 acid blobs
  2 coyotes
  a hobbit
  a cave spider
  6 gnomes
  a jackal
  a fox
  3 goblins
  3 sewer rats
  4 grid bugs
  3 lichens
  a kobold zombie
  4 newts
36 creatures vanquished.

No species were genocided or became extinct.

Game over:
                       ----------
                      /          \
                     /    REST    \
                    /      IN      \
                   /     PEACE      \
                  /                  \
                  |    ARFwashere    |
                  |      975 Au      |
                  |   killed by a    |
                  |      dagger      |
                  |                  |
                  |                  |
                  |       2026       |
                 *|     *  *  *      | *
        _________)/\\_//(\/(/\)/\//\/|_)_______

Goodbye ARFwashere the Wizard...

You died in The Gnomish Mines on dungeon level 3 with 1488 points,
and 975 pieces of gold, after 1689 moves.
You were level 4 with a maximum of 24 hit points when you died.

